 Dungeon Crawl Stone Soup version 0.31.0-32-g396128a36d (webtiles) character file.

Game seed: 18243575018688045552

2 destino the Firebug (level 1, 0/11 HPs)
             Began as an Octopode Fire Elementalist on Apr 1, 2024.
             Killed from afar by a dart slug (5 damage)
             ... with a slug dart
             ... on level 1 of the Dungeon.
             The game lasted 00:00:21 (40 turns).

destino the Firebug (Octopode Fire Elementalist)      Turns: 40, Time: 00:00:22

Health: 0/11       AC:  1    Str:  7    XL:     1   Next: 40%
Magic:  0/3        EV: 13    Int: 17    God:
Gold:   0          SH:  0    Dex: 12    Spells: 3/4 levels left

rFire   . . .        (no weapon)
rCold   . . .        (no shield)
rNeg    . . .        (helmet restricted)
rPois   .            (no amulet)
rElec   .            (no ring)
rCorr   .            (no ring)
SInv    .            (no ring)
Will    .....        (no ring)
Stlth   +++          (no ring)
HPRegen 0.21/turn    (no ring)
MPRegen 0.08/turn    (no ring)
                     (no ring)

%: no passive effects
@: no status effects
A: almost no armour, amphibious, 8 rings, camouflage 1, gelatinous body 1,
(nimble swimmer 1), tentacles
a: no special abilities


You were on level 1 of the Dungeon.
You visited 1 branch of the dungeon, and saw 1 of its levels.

Inventory:

Scrolls
 b - a scroll of teleportation {unknown}
Potions
 a - a potion of magic


   Skills:
 - Level 2.0 Dodging
 + Level 2.8 Stealth
 - Level 2.0 Spellcasting
 * Level 1.1 Conjurations
 * Level 3.0 Fire Magic


You had 3 spell levels left.
You knew the following spells:

 Your Spells              Type           Power      Damage    Failure   Level
a - Foxfire               Conj/Fire      32%        2x1d5     9%          1

Your spell library contained the following spells:

 Spells                   Type           Power      Damage    Failure   Level
 Scorch                   Fire           24%        2d6       9%          2
 Inner Flame              Hex/Fire       6%         N/A       30%         3
 Volatile Blastmotes      Fire/Tloc      12%        2d11      30%         3
 Flame Wave               Conj/Fire      8%         2d5       63%         4


Dungeon Overview and Level Annotations

Branches:
Dungeon (1/15)

Altars:


Innate Abilities, Weirdness & Mutations

You cannot wear most types of armour.
You are amphibious.
You can wear up to eight rings at the same time.
Your skin changes colour to match your surroundings (Stealth+).
Your rubbery body absorbs attacks. (AC +1, EV +1)
((You are camouflaged when in or above water. (Stealth+)))
You have tentacles for arms and can constrict up to eight enemies at once.


Message History

Casting: Foxfire (safe; 9% risk of failure)
Confirm with . or Enter, or press ? or * to list all spells.
You conjure some foxfire!
You constrict the quokka. The quokka closely misses you.
You tentacle-slap the quokka but do no damage.
The quokka is lightly wounded.
You constrict the quokka.
The foxfire hits the dart slug but does no damage.
The quokka bites you. The dart slug launches a dart at you.
The slug dart hits you. The quokka closely misses you.
Casting: Foxfire (safe; 9% risk of failure)
Confirm with . or Enter, or press ? or * to list all spells.
You conjure some foxfire!
You constrict the quokka, but do no damage.
The quokka misses you.
The foxfire hits the dart slug.
The dart slug is lightly wounded.
You tentacle-slap the dart slug but do no damage.
You grab the dart slug.
The dart slug is lightly wounded.
You constrict the dart slug.
You constrict the quokka, but do no damage.
The foxfire hits the quokka.
You kill the quokka!
The foxfire hits the dart slug but does no damage.
The dart slug is moderately wounded.
Casting: Foxfire (safe; 9% risk of failure)
Confirm with . or Enter, or press ? or * to list all spells.
You conjure some foxfire!
You constrict the dart slug.
You tentacle-slap the dart slug but do no damage.
The dart slug is moderately wounded.
You constrict the dart slug. The dart slug launches a dart at you.
The slug dart misses you.
You tentacle-slap the dart slug. You squeeze the dart slug.
The dart slug is severely wounded.
You constrict the dart slug, but do no damage.
The dart slug launches a dart at you. The slug dart hits you.
You die...

## #. .# #. ....
...K. ... #.#.#
#.#$# #.#
#..............
#.#.#.#.#.#.#.#
.............
#.#.#.#w#v#.#.#.
.....!..@v......
..#.#.#.#ยง#.#.#.
#..$..........
##.#.#.#.#.#.#
#.####.#####
#........##
########..##
##..# #
##.######..#


You could see a dart slug (ally target) and a kobold (asleep).

Vanquished Creatures
  A giant cockroach (D:1)
  A quokka (D:1)
2 creatures vanquished.

Vanquished Creatures (others)
  3 foxfires (D:1)
3 creatures vanquished.

Grand Total: 5 creatures vanquished

Notes
Turn   | Place    | Note
-------+----------+-------------------------------------------
     0 | D:1      | destino the Octopode Fire Elementalist began the quest for
                  | the Orb.
     0 | D:1      | Reached XP level 1. HP: 11/11 MP: 3/3
    40 | D:1      | Killed from afar by a dart slug

Illustrated notes

Levels and vault maps discovered:
D:1:      amcnicky_arrival_flooded_fountain, layout_loops_cross, serial_shops,
          shop, shop, shop, st_stairs_11

Action                     || total
---------------------------++-------
  Melee: Unarmed           ||     6
         Constrict         ||     3
         Tentacles         ||     2
   Cast: Foxfire           ||     3
 Armour: Skin              ||     5
  Dodge: Dodged            ||     4
